 Dungeon Crawl Stone Soup version 0.30-a0-830-gfe289a77b0 (webtiles) character file.

Game seed: 8137975118014673473

1006 cforsyth the Covert (level 8, -1/50 HPs)
             Began as a Kobold Brigand on Feb 28, 2023.
             Was a Follower of Uskayaw.
             Slain by a gnoll sergeant
             ... wielding a +2 trident of venom
              (5 damage)
             ... on level 6 of the Dungeon.
             The game lasted 00:06:23 (4869 turns).

cforsyth the Covert (Kobold Brigand)                Turns: 4869, Time: 00:06:24

Health: -1/50      AC:  5    Str:  4    XL:     8   Next: 44%
Magic:  8/8        EV: 24    Int: 13    God:    Uskayaw [*.....]
Gold:   328        SH:  5    Dex: 23    Spells: 7/7 levels left

rFire   . . .      SeeInvis .    a - +2 dagger
rCold   . . .      Faith    .    (no shield)
rNeg    + + +      Spirit   .    n - +2 robe "Jilosoje" {rN+++ Str-4 Dex+5}
rPois   .          Reflect  +    (no helmet)
rElec   .          Harm     .    c - +0 cloak
rCorr   .          Rampage  .    (no gloves)
Will    .....                    (no boots)
Stlth   +++++                    r - amulet of reflection
HPRegen 0.28/turn                i - +5 ring of evasion
MPRegen 0.11/turn                (no ring)

@: lethally poisoned (-1 -> -12)
A: small, no large weapons, nightstalker 3
a: Renounce Religion, Stomp


You were on level 6 of the Dungeon.
You worshipped Uskayaw.
Uskayaw was noncommittal.
You visited 2 branches of the dungeon, and saw 7 of its levels.

You collected 328 gold pieces.

Inventory:

Hand Weapons
 a - a +2 dagger (weapon)
Missiles
 d - 9 poisoned darts (quivered)
 e - 3 curare-tipped darts
Armour
 b - a +0 robe
 c - a +0 cloak (worn)
 n - the +2 robe "Jilosoje" (worn) {rN+++ Str-4 Dex+5}
   (You found it on level 2 of the Dungeon)

   Str:       It affects your strength (-4).
   Dex:       It affects your dexterity (+5).
   rN:        It renders you almost immune to negative energy.
Jewellery
 i - a +5 ring of evasion (left hand)
 p - a +6 ring of intelligence
 r - an amulet of reflection (around neck)
 u - a ring of magical power
 C - a ring of willpower
Wands
 y - a wand of flame (32)
 A - a wand of charming (3)
Scrolls
 g - 5 scrolls of identify {unknown}
 l - 3 scrolls of fog {unknown}
 q - 3 scrolls of fear {unknown}
 s - 4 scrolls of poison {unknown}
 t - 2 scrolls of vulnerability {unknown}
 w - a scroll of enchant armour {unknown}
 x - a scroll of magic mapping {unknown}
Potions
 f - a potion of mutation {unknown}
 h - a potion of might {unknown}
 j - 3 potions of curing {unknown}
 k - a potion of invisibility {unknown}
 m - a potion of brilliance {unknown}
 o - 2 potions of berserk rage {unknown}
 v - a potion of degeneration {unknown}
 z - a potion of cancellation {unknown}
 B - a potion of ambrosia {unknown}


   Skills:
 + Level 5.4 Fighting
 + Level 6.5 Short Blades
 - Level 2.1 Throwing
 + Level 5.5 Dodging
 + Level 8.5 Stealth


You had 7 spell levels left.
You didn't know any spells.
Your spell library contained the following spells:

 Spells                   Type           Power      Damage    Failure   Level
 Beastly Appendage        Tmut           0%         N/A       30%         1
 Wereblood                Tmut           0%         N/A       43%         2
 Spider Form              Tmut/Pois      0%         N/A       67%         3


Dungeon Overview and Level Annotations

Branches:
Dungeon (6/15)             Temple (1/1) D:5

Altars:
Cheibriados
Fedhas
Gozag
Kikubaaqudgha
Makhleb
Okawaru
Ru
Sif Muna
Trog
Uskayaw
Yredelemnul
Zin
The Shining One

Shops:
D:2 *

Annotations:
D:4 Edmund
D:6 2 transporters


Innate Abilities, Weirdness & Mutations

You are small and have problems with some larger weapons.
You are completely attuned to the shadows.


Message History

The gnoll is heavily wounded.
You feel sick.
You hit the gnoll.
You kill the gnoll!
You feel sick. The gnoll sergeant closely misses you.
You feel very sick.
The gnoll sergeant completely misses you.
You block the gnoll's attack.
Things that are here:
a +0 flail; 7 gold pieces; a gnoll corpse You closely miss the gnoll sergeant.
The gnoll sergeant is moderately wounded.
You feel sick. You block the gnoll's attack.
You block the gnoll sergeant's attack.
You hit the gnoll sergeant but do no damage.
The gnoll sergeant is moderately wounded.
You feel sick.
You hit the gnoll sergeant but do no damage.
The gnoll sergeant is moderately wounded.
You feel sick.
The gnoll hits you from afar with a +0 spear.
* * * LOW HITPOINT WARNING * * *
The gnoll sergeant hits you with a +2 trident of venom.
* * * LOW HITPOINT WARNING * * *
You are lethally poisoned!
You hit the gnoll sergeant but do no damage.
The gnoll sergeant is moderately wounded.
* * * LOW HITPOINT WARNING * * *
You feel very sick. You block the gnoll's attack.
The gnoll sergeant misses you.
You hit the gnoll sergeant but do no damage.
The gnoll sergeant is moderately wounded.
* * * LOW HITPOINT WARNING * * *
You feel sick.
You hit the gnoll sergeant.
The gnoll sergeant is moderately wounded.
* * * LOW HITPOINT WARNING * * *
You feel sick. You block the gnoll's attack.
The gnoll sergeant hits you with a +2 trident of venom.
You die...

##...## ####..
#####.###.##.......
......# #..........
.####.###.##...###<
####........#.....
#......##...#...##
#.##.#.##.#####.#
#.##......).#...#
#@##.###..#.#.#.#
#g##.# #..#..>#.#
#g# ....##.##.# #
#.# .......# .#
#.##.### #####
#...)....
......#### #######


You could see a gnoll sergeant and a gnoll.

Vanquished Creatures
  Sigmund (D:5)
  An ogre (D:6)
  2 phantoms (D:5)
  A bullfrog (D:6)
  2 necrophages
  2 scorpions
  2 jellies (D:5)
  An iguana (D:5)
  An orc wizard (D:4)
  4 adders
  6 gnolls
  A worm (D:3)
  A dart slug (D:2)
  7 orcs
  9 endoplasms
  5 goblins
  7 hobgoblins
  7 jackals
  4 kobolds
  7 quokkas
  3 ball pythons
  8 bats
  3 frilled lizards
  10 rats
95 creatures vanquished.

Vanquished Creatures (others)
  2 plants (D:5)
2 creatures vanquished.

Grand Total: 97 creatures vanquished

Notes
Turn   | Place    | Note
-------+----------+-------------------------------------------
     0 | D:1      | cforsyth the Kobold Brigand began the quest for the Orb.
     0 | D:1      | Reached XP level 1. HP: 12/12 MP: 1/1
   291 | D:1      | Reached XP level 2. HP: 18/18 MP: 2/2
  1074 | D:2      | Reached XP level 3. HP: 18/22 MP: 3/3
  1096 | D:2      | Found Kauma's General Store.
  1229 | D:2      | Found an ancient bone altar of Kikubaaqudgha.
  1247 | D:2      | Identified the +2 robe "Jilosoje" {rN+++ Str-4 Dex+5}
  1615 | D:2      | Reached XP level 4. HP: 27/27 MP: 4/4
  2050 | D:3      | Reached skill level 6 in Stealth
  3011 | D:3      | Reached XP level 5. HP: 25/32 MP: 5/5
  3415 | D:4      | Reached XP level 6. HP: 37/37 MP: 6/6
  3605 | D:4      | Noticed Edmund
  3643 | D:5      | Entered Level 5 of the Dungeon
  3958 | D:5      | Reached skill level 7 in Stealth
  4065 | D:5      | Reached skill level 5 in Short Blades
  4073 | D:5      | Reached XP level 7. HP: 44/44 MP: 7/7
  4093 | D:5      | Found a staircase to the Ecumenical Temple.
  4145 | Temple   | Entered the Ecumenical Temple
  4179 | Temple   | Became a worshipper of Uskayaw the Reveller
  4253 | D:5      | Noticed Sigmund
  4257 | D:5      | Killed Sigmund
  4257 | D:5      | Reached * piety under Uskayaw
  4314 | D:5      | Reached skill level 5 in Dodging
  4314 | D:5      | Reached skill level 8 in Stealth
  4314 | D:5      | Reached XP level 8. HP: 48/48 MP: 8/8
  4341 | D:5      | Reached ** piety under Uskayaw
  4344 | D:5      | Reached skill level 5 in Fighting
  4615 | D:6      | Found a blossoming altar of Fedhas.
  4615 | D:6      | Found a basalt altar of Yredelemnul.
  4615 | D:6      | Found an opulent altar of Gozag.
  4617 | D:6      | Noticed a wraith
  4617 | D:6      | Noticed a yak
  4622 | D:6      | Found a transporter.
  4633 | D:6      | Found a transporter.
  4706 | D:6      | Found a bloodstained altar of Trog.
  4790 | D:6      | Reached *** piety under Uskayaw
  4869 | D:6      | Slain by a gnoll sergeant

Illustrated notes

Levels and vault maps discovered:
D:1:      tekkud_arrival_beachfront_property, layout_basic
D:2:      layout_basic, basic_altar, serial_shops, nicolae_shop_window_shopping,
          serial_bayou_pond_d
D:3:      layout_basic, minmay_misc_feat_plants
D:4:      layout_gridville, nicolae_wooded_promenade, uniq_edmund
D:5:      layout_basic, minmay_temple_entry_gardened_gates,
          kennysheep_minor_cross, serial_bayou_ford_a, uniq_sigmund
D:6:      layout_loops_ring, amcnicky_altar_gilded,
          gammafunk_temple_overflow_arena, ebering_ghost_sewer_d,
          nicolae_concentric_dashed_squares_wild, uniq_blork_the_orc,
          uniq_duvessa
Temple:   nicolae_temple_ecumenical_triangle

Skill      XL: |  1  2  3  4  5  6  7  8 |
---------------+-------------------------+-----
Short Blades   | 3 4 5 6 |  6.5
Dodging        | 2 3 4 5 |  5.5
Stealth        | 6 7 8 |  8.5
Fighting       | 3 4 5 |  5.4
Throwing       | |  2.1

Action                     |  1- 3 |  4- 6 |  7- 9 || total
---------------------------+-------+-------+-------++-------
  Melee: Dagger            |    83 |   149 |    81 ||   313
         Punch             |       |     2 |     2 ||     4
   Stab: Sleeping          |    22 |    20 |     7 ||    49
         Distracted        |       |       |     1 ||     1
         Paralysed         |       |       |     1 ||     1
 Armour: Robe              |     8 |    22 |     1 ||    31
  Dodge: Dodged            |    41 |   137 |    47 ||   225
  Block: Other             |       |    37 |    20 ||    57

Table legend: (Time is in decaauts)
 A = Elapsed time spent in this place.
 B = Non-inter-level travel time spent in this place.
 C = Inter-level travel time spent in this place.
 D = Time resting spent in this place.
 E = Time spent auto-exploring this place.
 F = Levels seen in this place.
 G = Mean time per level.
                   A        B        C        D        E       F      G
               +--------+--------+--------+--------+--------+-----+--------+
         Total |   4822 |   4724 |     98 |    312 |   3679 |   7 |  688.9 |
       Dungeon |   4774 |   4689 |     85 |    312 |   3652 |   6 |  795.7 |
        Temple |     47 |     34 |     13 |      0 |     27 |   1 |   47.0 |
               +--------+--------+--------+--------+--------+-----+--------+

Top non-repeatable levels by time:
     D:3: 1362 daAuts
     D:1: 1030 daAuts
     D:5: 867 daAuts
     D:2: 864 daAuts
     D:4: 380 daAuts
     D:6: 269 daAuts
  Temple: 47 daAuts
